 Dungeon Crawl Stone Soup version 0.26-a0-613-g4f23886233 (webtiles) character file.

Game seed: 18020681949084472640

485 Gottschkopf the Fighter (level 6, 0/70 HPs)
             Began as a Minotaur Fighter on Sept 11, 2020.
             Was a Follower of Cheibriados.
             Slain by Pikel
             ... wielding a +0 whip of flaming
              (1 damage)
             ... on level 4 of the Dungeon.
             The game lasted 00:07:45 (3388 turns).

Gottschkopf the Fighter (Minotaur Fighter)          Turns: 3388, Time: 00:07:46

Health: 0/70       AC:  3    Str: 24    XL:     6   Next: 88%
Magic:  5/5        EV: 11    Int:  7    God:    Cheibriados [*.....]
Gold:   228        SH: 10    Dex: 12    Spells: 5/5 levels left

rFire    . . .     SeeInvis .   a - +0 trident
rCold    . . .     Faith    .   c - +0 kite shield
rNeg     . . .     Spirit   .   b - +0 scale mail
rPois    .         Reflect  .   (helmet restricted)
rElec    .         Harm     .   j - scarf {repulsion}
rCorr    .                      (no gloves)
MR       .....                  (no boots)
Stlth    +.........             (no amulet)
HPRegen  0.21/turn              m - ring of stealth
MPRegen  0.09/turn              r - +4 ring of evasion

@: repel missiles, very slow
A: retaliatory headbutt, horns 2, deformed body, robust 1, evolution 1
a: Bend Time, Renounce Religion


You were on level 4 of the Dungeon.
You worshipped Cheibriados.
Cheibriados was aware of your devotion.
You visited 2 branches of the dungeon, and saw 5 of its levels.

You collected 228 gold pieces.

Inventory:

Hand Weapons
 a - a +0 trident (weapon)
Armour
 b - a +0 scale mail (worn)
 c - a +0 kite shield (worn)
 j - a scarf of repulsion (worn)
Jewellery
 h - an uncursed ring of magical power {unknown}
 k - an uncursed ring of teleportation
 m - a ring of stealth (left hand)
 r - a +4 ring of evasion (right hand)
Wands
 n - a wand of paralysis (13)
Scrolls
 f - a scroll of blinking
 g - a scroll of remove curse
 i - 2 scrolls of random uselessness {unknown}
 o - a scroll of immolation {unknown}
 q - a scroll of enchant armour {unknown}
 s - a scroll of amnesia
Potions
 d - 2 potions of might
 e - 2 potions of stabbing
 p - a potion of mutation


   Skills:
 + Level 9.4 Fighting
 - Level 2.4 Polearms
 + Level 3.6 Armour
 + Level 3.6 Shields


You had 5 spell levels left.
You didn't know any spells.
Your spell library was empty.

Dungeon Overview and Level Annotations

Branches:
Dungeon (4/15)             Temple (1/1) D:4

Altars:
Cheibriados
Qazlal
Uskayaw

Annotations:
D:4 Pikel


Innate Abilities, Weirdness & Mutations

You reflexively headbutt those who attack you in melee.
You have a pair of horns on your head.
Armour fits poorly on your strangely shaped body.
You are robust. (+10% HP)
You evolve.


Message History

* * * LOW HITPOINT WARNING * * *
You closely miss something. Your headbutt misses something. Something hits you!
* * * LOW HITPOINT WARNING * * *
Something burns you.
* * * LOW HITPOINT WARNING * * *
Okay, then.
You feel better. Something hits you!
* * * LOW HITPOINT WARNING * * *
Something burns you.
* * * LOW HITPOINT WARNING * * *
You hit something. Your headbutt misses something.
Pikel appears from thin air!
Reactivating autopickup.
Pikel hits you with a +0 whip of flaming.
* * * LOW HITPOINT WARNING * * *
Pikel burns you.
* * * LOW HITPOINT WARNING * * *
Pikel hits you with a +0 whip of flaming.
* * * LOW HITPOINT WARNING * * *
Pikel burns you.
You die...

###########
#55K@...[.#
##########5#######.#
#........5.#
#..#..#.##.# #.
#.§#..#..55# ### .
#.....^.##.# . ..#
##..#.......# .##.#
#.§......##.## #....
#.##.............{5
..#.#


You could see Pikel and 3 lemures.

Vanquished Creatures
  Sigmund (D:4)
  Menkaure (D:4)
  2 orc wizards (D:2)
  4 gnolls
  7 adders
  An ooze (D:1)
  2 worms
  2 dart slugs
  2 leopard geckos
  3 orcs (D:3)
  5 giant cockroaches
  6 goblins
  9 hobgoblins
  9 kobolds
  3 quokkas (D:2)
  3 ball pythons
  5 bats
  4 frilled lizards
  6 rats
75 creatures vanquished.

Notes
Turn   | Place    | Note
-------+----------+-------------------------------------------
     0 | D:1      | Gottschkopf the Minotaur Fighter began the quest for the
                  | Orb.
     0 | D:1      | Reached XP level 1. HP: 19/19 MP: 0/0
    51 | D:1      | Reached skill level 4 in Fighting
   265 | D:1      | Reached XP level 2. HP: 25/28 MP: 1/1
   554 | D:1      | Reached skill level 5 in Fighting
   756 | D:2      | Reached XP level 3. HP: 36/36 MP: 2/2
  1199 | D:2      | Reached XP level 4. HP: 44/44 MP: 3/3
  1221 | D:2      | Reached skill level 6 in Fighting
  1303 | D:2      | Found a snail-covered altar of Cheibriados.
  1310 | D:2      | Became a worshipper of Cheibriados the Contemplative
  1890 | D:2      | Reached skill level 7 in Fighting
  1890 | D:2      | Reached XP level 5. HP: 23/52 MP: 4/4
  2281 | D:3      | Found a hide-covered altar of Uskayaw.
  2503 | D:3      | Found a stormy altar of Qazlal.
  2504 | D:3      | Noticed a water elemental
  2504 | D:3      | Noticed an air elemental
  2504 | D:3      | Noticed a fire elemental
  2589 | D:4      | Noticed Menkaure
  2595 | D:4      | Killed Menkaure
  2595 | D:4      | Reached skill level 8 in Fighting
  2595 | D:4      | Reached XP level 6. HP: 24/62 MP: 5/5
  2827 | D:4      | Noticed Sigmund
  2827 | D:4      | Noticed Pikel
  2903 | D:4      | Found a staircase to the Ecumenical Temple.
  2912 | Temple   | Entered the Ecumenical Temple
  2931 | D:4      | Reached * piety under Cheibriados
  3021 | D:4      | Gained mutation: You evolve. [potion of mutation]
  3021 | D:4      | Gained mutation: Armour fits poorly on your strangely
                  | shaped body. [potion of mutation]
  3021 | D:4      | Gained mutation: You are robust. (+10% HP) [potion of
                  | mutation]
  3027 | D:4      | Killed Sigmund
  3027 | D:4      | Reached skill level 9 in Fighting
  3388 | D:4      | HP: 3/70 [Pikel/+0 whip of flaming (1)]
  3388 | D:4      | HP: 1/70 [Pikel/+0 whip of flaming (2)]
  3388 | D:4      | Slain by Pikel

Illustrated notes

Levels and vault maps discovered:
D:1:      onia_arrival_pentagram, layout_basic, st_stairs_1, minmay_box_of_dots
D:2:      kennysheep_six_static_rooms, layout_basic, lemuel_crystal_altar
D:3:      layout_basic, overflow_temple_1_default,
          nicolae_qazlal_style_of_elements
D:4:      layout_loops_cross, minmay_temple_entry_glass, uniq_menkaure,
          uniq_sigmund, uniq_pikel
Temple:   compressed_dpeg_circular_temple

Skill      XL: |  1  2  3  4  5  6 |
---------------+-------------------+-----
Fighting       | 4 5 7 8 9 |  9.4
Polearms       | |  2.4
Armour         | |  3.6
Shields        | |  3.6

Action                   |  1- 3 |  4- 6 || total
-------------------------+-------+-------++-------
Melee: Trident           |    92 |   132 ||   224
       Headbutt          |    17 |    20 ||    37
       Hand axe          |    30 |       ||    30
  Use: Scroll            |     4 |     1 ||     5
       Potion            |       |     5 ||     5
Armor: Scale mail        |    39 |    41 ||    80
Dodge: Dodged            |    26 |    24 ||    50
       Repelled          |       |     4 ||     4
Block: Kite shield       |    57 |    43 ||   100

Table legend: (Time is in decaauts)
 A = Elapsed time spent in this place.
 B = Non-inter-level travel time spent in this place.
 C = Inter-level travel time spent in this place.
 D = Time resting spent in this place.
 E = Time spent auto-exploring this place.
 F = Levels seen in this place.
 G = Mean time per level.
                   A        B        C        D        E       F      G
               +--------+--------+--------+--------+--------+-----+--------+
         Total |   3767 |   3602 |    165 |    959 |   1949 |   5 |  753.4 |
       Dungeon |   3765 |   3600 |    165 |    959 |   1949 |   4 |  941.2 |
        Temple |      1 |      1 |      0 |      0 |      0 |   1 |    1.0 |
               +--------+--------+--------+--------+--------+-----+--------+

Top non-repeatable levels by time:
     D:2: 1353 daAuts
     D:4: 836 daAuts
     D:3: 803 daAuts
     D:1: 771 daAuts
  Temple: 1 daAuts
